 Dungeon Crawl Stone Soup version 0.31.0-12-g77e489cdc1 (webtiles) character file.

Game seed: 3570379249742600326

413 lordive the Scratcher (level 6, -1/30 HPs)
             Began as a Felid Shapeshifter on Mar 2, 2024.
             Slain by a gnoll sergeant
             ... wielding a +0 trident
              (12 damage)
             ... on level 4 of the Dungeon.
             The game lasted 00:03:07 (3714 turns).

lordive the Scratcher (Felid Shapeshifter)          Turns: 3714, Time: 00:03:08

Health: -1/30      AC:  6    Str: 10    XL:     6   Next: 59%
Magic:  7/7        EV: 18    Int: 16    God:
Gold:   221        SH:  0    Dex: 15    Spells: 5/5 levels left
                                        Lives:  0   Deaths: 2

rFire   . .          .
                       - Unarmed
rCold   . . .        (shield unavailable)
rNeg    . . .        (body armour unavailable)
rPois   .            (helmet unavailable)
rElec   .            (cloak unavailable)
rCorr   .            (gloves unavailable)
SInv    +            (boots unavailable)
Will    .....        (no amulet)
Stlth   +            j - +4 ring of protection
HPRegen 0.25/turn    (no ring)
MPRegen 0.10/turn

%: no passive effects
@: beast-form
A: beast (slay +2), very small, claws 1, fangs 3, see invisible, shaggy fur 2,
stealthy paws, no weapons or thrown items, no armour, multi-lived
a: Begin Untransformation


You were on level 4 of the Dungeon.
You were a hulking beast.
You visited 1 branch of the dungeon, and saw 4 of its levels.

You collected 221 gold pieces.

Inventory:

Jewellery
 j - a +4 ring of protection (left paw)
Talismans
 b - a beast talisman
 c - a flux talisman
Scrolls
 e - 5 scrolls of identify {unknown}
 f - 2 scrolls of noise {unknown}
 g - a scroll of enchant armour {unknown}
 h - 3 scrolls of teleportation {unknown}
 k - a scroll of torment {unknown}
 l - a scroll of enchant weapon {unknown}
 m - a scroll of fog {unknown}
 n - a scroll of blinking {unknown}
 o - a scroll of brand weapon {unknown}
 p - a scroll of fear {unknown}
 s - a scroll of poison {unknown}
Potions
 a - a potion of lignification
 d - a potion of curing {unknown}
 i - 5 potions of degeneration {unknown}
 q - 2 potions of haste {unknown}
 r - a potion of mutation {unknown}
 t - a potion of attraction {unknown}


   Skills:
 + Level 1.4 Fighting
 + Level 4.1 Dodging
 + Level 5.5 Unarmed Combat
 * Level 4.4 Shapeshifting


You had 5 spell levels left.
You didn't know any spells.
Your spell library contained the following spells:

 Spells                   Type           Power      Damage    Failure   Level
 Call Imp                 Summ           0%         N/A       36%         2
 Sublimation of Blood     Necr           0%         N/A       36%         2
 Summon Blazeheart Golem  Fire/Summ      0%         N/A       94%         4
 Orb of Destruction       Conj           0%         9d5       100%        7
 Spellforged Servitor     Conj/Summ      0%         N/A       100%        7
 Summon Hydra             Summ           0%         N/A       100%        7


Dungeon Overview and Level Annotations

Branches:
Dungeon (4/15)
 Temple: D:4-7

Altars:
Elyvilon
Makhleb
Okawaru
Ru

Annotations:
D:2 Natasha


Innate Abilities, Weirdness & Mutations

You are a hulking beast.
Your limbs bulge with bestial killing power. (Slay +2)
You have sharp claws.
You have razor-sharp teeth.
You have supernaturally acute eyesight. (SInv)
You are covered in thick fur. (AC +2)
Your paws help you pounce on unaware monsters.
You are incapable of wielding weapons or throwing items.
You cannot wear armour.
You gain extra lives every three experience levels.


Message History

There is an open door here.
You see here a howler monkey corpse.
There is an open door here.
The gnoll shouts!
You hear a shout! x4
The gnoll shouts! x2; You hear a shout!
The gnoll sergeant shouts!
You see here a +0 dagger.
There is an open door here.
As you open the door, it creaks loudly!
There is an open door here.
There is an open door here.
There is an open door here.
The gnoll shouts!
Could not explore, unopened runed door.
Could not explore, unopened runed door.
No reachable target in view!
No reachable target in view!
No reachable target in view!
No reachable target in view!
No reachable target in view!
No reachable target in view!
No reachable target in view!
No reachable target in view!
No reachable target in view!
No reachable target in view!
No reachable target in view!
No reachable target in view!
You open the door.
The gnoll shouts! x2
The centaur wields a +0 orcbow.
The centaur shoots an arrow.
The arrow hits you!
The gnoll sergeant hits you from afar with a +0 trident.
You claw the gnoll!
The gnoll is severely wounded.
The gnoll sergeant closely misses you. The gnoll hits you but does no damage.
You claw the gnoll!
You kill the gnoll!
The centaur shoots an arrow.
The arrow hits you!
The gnoll sergeant hits you from afar with a +0 trident!
You die...

# #..†..##########.# #.# #.
## ##...###.........# #.#
#. .########.###.....######
#.# ## ..........# #...###
#.#### .########.# #...#
#..... ## #.###...## #####
###### # #.##8...8#8g!.8#
#.##.....#gg..?#####
########.##.._.hgc.[..##..#
#........##.....#gg..!###.#
#.#####..##8...8#8g?.8# #.#
### ##.)......###...##
##### #.# #.. ....##....#
#)..# #.# #..
..........###...# ######
#.# #.. ))..###.........#
#.##.# #.# ##.
...........######
#.##.###.# #. ..........##
#........# #†


You could see a gnoll sergeant, a centaur and 6 gnolls.

Vanquished Creatures
  A howler monkey (D:4)
  2 hounds (D:4)
  2 orc priests (D:4)
  Natasha (twice) (D:2)
  An orc wizard (D:3)
  A gnoll (D:4)
  8 adders
  A shadow imp (D:3)
  A ribbon worm (D:2)
  A dart slug (D:2)
  11 orcs
  5 endoplasms
  2 giant cockroaches
  7 goblins
  4 hobgoblins
  5 jackals
  10 quokkas
  7 ball pythons
  4 bats
  5 frilled lizards
  10 kobolds
  7 rats
97 creatures vanquished.

Notes
Turn   | Place    | Note
-------+----------+-------------------------------------------
     0 | D:1      | lordive the Felid Shapeshifter began the quest for the Orb.
     0 | D:1      | Reached XP level 1. HP: 10/10 MP: 2/2
   315 | D:1      | Reached XP level 2. HP: 14/14 MP: 3/3
   644 | D:1      | Found a faded altar of an unknown god.
  1039 | D:2      | Reached XP level 3. HP: 18/18 MP: 4/4
  1107 | D:2      | Noticed Natasha
  1118 | D:2      | Slain by a cerulean imp
  1118 | D:2      | Lost a life (0 lives remaining)
  1249 | D:2      | Killed Natasha
  1250 | D:2      | Reached XP level 4. HP: 22/22 MP: 5/5
  1250 | D:2      | Gained a life (1 life remaining)
  1328 | D:2      | Noticed Natasha
  1333 | D:2      | Killed Natasha
  1334 | D:2      | Reached skill level 4 in Unarmed Combat
  1505 | D:2      | Noticed Natasha
  1517 | D:2      | HP: 1/22 [cerulean imp/+1 spear[Natasha] (1)]
  1519 | D:2      | Slain by a cerulean imp
  1519 | D:2      | Lost a life (0 lives remaining)
  1717 | D:3      | Reached XP level 5. HP: 25/25 MP: 6/6
  1852 | D:3      | Found a burning altar of Makhleb.
  2854 | D:4      | Found an iron altar of Okawaru.
  2854 | D:4      | Found a runed translucent door.
  2857 | D:4      | Noticed a centaur
  2859 | D:4      | Found the +0 toga "Victory" {*Victory Clar}
  2989 | D:4      | Gained mutation: You are covered in thick fur. (AC +2)
                  | [Felid growth]
  2989 | D:4      | Reached XP level 6. HP: 28/30 MP: 7/7
  3204 | D:4      | Reached skill level 5 in Unarmed Combat
  3556 | D:4      | Found a sacrificial altar of Ru.
  3569 | D:4      | Found a white marble altar of Elyvilon.
  3714 | D:4      | Slain by a gnoll sergeant

Illustrated notes

Levels and vault maps discovered:
D:1:      co_arrival_random_square_maze, layout_loops_ring,
          dreamdust_ecumenical_altar_grove
D:2:      minmay_door_path, layout_loops_ring, serial_bayou_lagoon_a,
          uniq_natasha
D:3:      layout_basic, mainiacjoe_overflow_concentric_impassable
D:4:      layout_loops_corners, nicolae_overflow_guarded_unrand_okawaru_victory,
          jmf_multi_god_temple2

Skill      XL: |  1  2  3  4  5  6 |
---------------+-------------------+-----
Shapeshifting  | 3 4 |  4.4
Dodging        | 3 4 |  4.1
Unarmed Combat | 4 5 |  5.5
Fighting       | |  1.4

Action                     |  1- 3 |  4- 6 || total
---------------------------+-------+-------++-------
  Melee: Unarmed           |    95 |   142 ||   237
         Bite              |    14 |    11 ||    25
         Punch             |     6 |     3 ||     9
   Stab: Sleeping          |     1 |     4 ||     5
 Armour: Skin              |    27 |    52 ||    79
  Dodge: Dodged            |    68 |   102 ||   170
